 Dungeon Crawl Stone Soup version 0.26-a0-154-g3d63440f56 (webtiles) character file.

Game seed: 14673237101089058652

0 Gargoyl the Skirmisher (level 1, -16/19 HPs)
             Began as a Centaur Abyssal Knight on July 1, 2020.
             Was a Follower of Lugonu.
             Demolished by a large abomination (35 damage)
             ... on level 1 of the Abyss.
             The game lasted 00:00:35 (421 turns).

Gargoyl the Skirmisher (Centaur Abyssal Knight)      Turns: 421, Time: 00:00:35

Health: -16/19     AC:  4    Str: 13 (14) XL:     1   Next: 0%
Magic:  2/2        EV:  9    Int:  9 (11) God:    Lugonu [*.....]
Gold:   0          SH:  0    Dex:  7 (8)  Spells: 0/0 levels left

rFire    . . .     SeeInvis .   a - +1 hand axe
rCold    . . .     Faith    .   (no shield)
rNeg     . . .     Spirit   .   b - +0 leather armour
rPois    .         Reflect  .   (no helmet)
rElec    .         Harm     .   (no cloak)
rCorr    .                      (no gloves)
MR       .....                  (no barding)
Stlth    ..........             (no amulet)
HPRegen  0.06/turn              (no ring)
MPRegen  0.08/turn              (no ring)

@: very quick
A: large, hooves 3, deformed body, speed 2, tough skin 3
a: Depart the Abyss, Renounce Religion


You were on level 1 of the Abyss.
You worshipped Lugonu.
Lugonu was aware of your devotion.
You were not hungry.

You visited 0 branches of the dungeon, and saw 0 of its levels.
You visited the Abyss 1 time.

Inventory:

Hand Weapons
 a - a +1 hand axe (weapon)
Armour
 b - a +0 leather armour (worn)
Scrolls
 e - a scroll of immolation
Comestibles
 c - 2 rations


   Skills:
 + Level 3.0 Fighting
 + Level 1.7 Axes
 + Level 1.3 Armour
 + Level 0.6 Dodging
 + Level 2.0 Invocations


You couldn't memorise any spells.
You didn't know any spells.
Your spell library was empty.

Dungeon Overview and Level Annotations

Branches:
Dungeon (0/15)

Altars:


Innate Abilities, Weirdness & Mutations

You have hooves in place of feet.
Armour fits poorly on your strangely shaped body.
You cover ground very quickly.
You have extremely tough skin. (AC +3)


Message History

It is a scroll of identify.
e - a scroll of immolation A lurking horror comes into view.
You hit the lurking horror.
The lurking horror explodes!
Your body is wracked with pain!
HP restored.
A small abomination comes into view.
Found a ration.
c - 2 rations (gained 1)
An ufetubus comes into view.
A tentacled starspawn comes into view.
Tentacles burst from the starspawn's body! 2 starspawn tentacles come into view.
A large abomination comes into view.
You closely miss the large abomination. You kick the large abomination!
The large abomination is lightly damaged.
The large abomination hits you!!
Ouch! That really hurt!
You die...

.. .# #.# ..# ##
.#.. ... #.# ##...
#..#.###
.....###.#X...### .
........@#......
### .#.
#...#......#
#..###.. .
#...#...## .# .#
..####...###..#
#...##.## #..#.#
.#..≈≈≈
.#.##.......#.....#
.≈≈≈ . ...#
####...#......##≈
...#.. ..#.....#..
... # ###.....##..
.##....


You could see a large abomination.

Vanquished Creatures
  A lurking horror (Abyss:1)
1 creature vanquished.

Vanquished Creatures (others)
  2 starspawn tentacles (Abyss:1)
2 creatures vanquished.

Grand Total: 3 creatures vanquished

Notes
Turn   | Place    | Note
-------+----------+-------------------------------------------
     0 | Abyss:1  | Gargoyl the Centaur Abyssal Knight began the quest for the
                  | Orb.
     0 | Abyss:1  | Reached XP level 1. HP: 19/19 MP: 2/2
    63 | Abyss:1  | Noticed a large abomination
    69 | Abyss:1  | Noticed a wretched star
   369 | Abyss:1  | Noticed a small abomination
   403 | Abyss:1  | Noticed a tentacled starspawn
   419 | Abyss:1  | Noticed a large abomination
   421 | Abyss:1  | Demolished by a large abomination

Illustrated notes

Levels and vault maps discovered:
Abyss:1

Action                   || total
-------------------------++-------
Melee: Hand axe          ||     2
       Kick              ||     1
  Use: Scroll            ||     2
       Potion            ||     1

Table legend:
 A = Non-vault XP
 B = Vault XP
 C = Vault XP percentage of total XP
 D = Non-vault monster count
 E = Vault monster count
 F = Vault count percentage of total count
                 A         B        C        D         E       F
            +---------+---------+-------+---------+---------+-------
      Total |       0 |       0 |   N/A |       0 |       0 |  -nan
            +---------+---------+-------+---------+---------+-------
            +---------+---------+-------+---------+---------+-------
